AoeStats
← LM | TornardoBriese

Arabia

510079054Analyzed
1v1 RM · 2d ago on Sep 29, 2026· 28m 37s· 2 players
Game mode
Random Map
Map size
Tiny (2 player)
Population
200
Speed
Normal
Resources
Standard
Victory
Conquest
Starting age
Dark Age
Ending age
Imperial Age
RankedLock teamsTeams togetherTeam positionsShared explorationLock speedFull tech treeHidden civsTurbo modeCheats
Victory
Defeat
🇫🇷 Goths · France
1199
+14
🇨🇭 Celts · Switzerland
1164
-14
LM | TornardoBriese
6:40 Loom
9:32 Feudal Age
9:38 Man-at-Arms
22:56 Castle Age
21:51 Double-Bit Axe
22:48 Fletching
22:51 Gold Mining
23:36 Bodkin Arrow
23:06 Elite Skirmisher
CaféCalva
7:11 Loom
9:33 Feudal Age
9:45 Man-at-Arms
10:55 Double-Bit Axe
13:45 Horse Collar
17:51 Wheelbarrow
21:10 Castle Age
20:45 Fletching
20:56 Padded Archer Armor
20:51 Gold Mining
21:10 Scale Barding Armor
21:55 Bloodlines
22:23 Bodkin Arrow
21:53 Crossbowman
25:44 Chain Barding Armor
Connection lost

Rejoining the realm…

Still unreachable

The connection could not be restored.

Session expired

The server has moved on; the page needs a fresh start.